 Dungeon Sprint DCSS version 0.25.1-2-g60ff931df9 (webtiles) character file.

Game seed: 7856254112825827562

564 Baz the Arsonist (level 7, -7/50 HPs)
             Began as an Octopode Fire Elementalist on Nov 18, 2020.
             Killed by miscasting Fireball (8 damage)
             ... in the Dungeon (Sprint III: "The Ten Rune Challenge").
             The game lasted 00:02:39 (882 turns).

Baz the Arsonist (Octopode Fire Elementalist)        Turns: 882, Time: 00:02:40

Health: -7/50      AC:  1    Str:  8    XL:     7   Next: 32%
Magic:  5/17       EV: 13    Int: 19    God:
Gold:   24         SH:  0    Dex: 12    Spells: 9/19 levels left

rFire    . . .     SeeInvis .   (no weapon)
rCold    . . .     Gourm    .   (no shield)
rNeg     . . .     Faith    .   (helmet restricted)
rPois    .         Spirit   .   (no amulet)
rElec    .         Reflect  .   (no ring)
rCorr    .         Harm     .   (no ring)
MR       .....     NoTele   +   (no ring)
Stlth    +++.......             (no ring)
HPRegen  0.16/turn              (no ring)
MPRegen  0.15/turn              (no ring)
                                (no ring)
                                (no ring)

@: very slightly contaminated
A: almost no armour, stealthy swim, amphibious, 8 rings, constrict 8, camouflage
1, gelatinous body 1
a: no special abilities


You were in the Dungeon.
You were not hungry.

You visited 1 branch You collected 24 gold pieces.

Inventory:

Wands
 a - a wand of digging (3)
Scrolls
 j - a scroll of torment {unknown}
 k - a scroll of magic mapping {unknown}
 l - 2 scrolls of remove curse {unknown}
 n - a scroll of immolation {unknown}
 o - a scroll of identify {unknown}
Potions
 c - a potion of curing
 d - 2 potions of heal wounds
 e - a potion of haste
 f - 2 potions of magic
 g - a potion of berserk rage
 i - 3 potions of mutation {unknown}
 m - 5 potions of flight
Comestibles
 b - 3 rations


   Skills:
 + Level 5.3 Fighting
 - Level 2.4 Dodging
 - Level 3.2 Stealth
 + Level 6.8 Spellcasting
 + Level 6.9 Conjurations
 * Level 10.5 Fire Magic


You had 9 spell levels left.
You knew the following spells:

 Your Spells              Type           Power        Failure   Level  Hunger
a - Foxfire               Conj/Fire      ####         1%          1    None
b - Sticky Flame          Conj/Fire      #####...     2%          4    ####...
c - Fireball              Conj/Fire      #####.....   8%          5    #####..

Your spell library contained the following spells:

 Spells                   Type           Power        Failure   Level  Hunger
 Conjure Flame            Conj/Fire      #####...     1%          3    ##.....
 Inner Flame              Hex/Fire       ####....     3%          3    ##.....


Dungeon Overview and Level Annotations

Branches:
Dungeon (1/1)

Altars:
Elyvilon
Kikubaaqudgha
Sif Muna
Vehumet
Zin
The Shining One


Innate Abilities, Weirdness & Mutations

You cannot wear most types of armour.
You are very stealthy in the water. (Stealth+)
You are amphibious.
You can wear up to eight rings at the same time.
You can use your tentacles to constrict eight enemies at once.
Your skin changes colour to match your surroundings (Stealth+).
Your rubbery body absorbs attacks. (AC +1, EV +1)


Message History

Press: ? - help, Dir - move target cursor, p - kobold demonologist You are very lightly contaminated with residual magic.
As you read the scroll of blinking, it crumbles to dust.
The kobold demonologist burns!
Casting: Sticky Flame (dangerous; 2% risk of failure)
Confirm with . or Enter, or press ? or * to list all spells.
Okay, then.
Unknown command.
Unknown command.
Casting: Sticky Flame (dangerous; 2% risk of failure)
Confirm with . or Enter, or press ? or * to list all spells.
You don't know that spell.
There isn't anything here!
Casting: Sticky Flame (dangerous; 2% risk of failure)
Confirm with . or Enter, or press ? or * to list all spells.
The spell is quite dangerous to cast (8% risk of failure)!
Continue anyway?
Aiming: Fireball (quite dangerous; 8% risk of failure)
Press: ? - help, Shift-Dir - straight line You miscast Fireball.
Heat runs through your body!
You die...

▓▓▓▓▓▓▓▓ ▓▓▓ .'...♣.♣♣
♣.##### .#....♣.♣
♣.#___# ##......♣
♣♣.#.)@#
......≈.♣♣♣..###'#+###+#
.#...≈≈..♣♣..#..........
.#..≈≈≈≈♣♣♣♣.'.⌠........
÷#..≈≈≈≈≈≈.♣.#...######+
.#.≈≈≈≈≈≈....#K⌠3#
.#.≈≈≈≈≈.....#...#
.#.≈≈≈.......#)###
##...........#.:$#


You could see a kobold demonologist (burning) and a sixfirhy (summoned).

Vanquished Creatures
  A deep elf mage (D)
  A water elemental (D)
  A scorpion (D)
  A wizard (D)
  Jessica (D)
  A human (D)
  2 oozes (D)
  A rat (D)
9 creatures vanquished.

Vanquished Creatures (others)
  51 foxfires (D)
51 creatures vanquished.

Grand Total: 60 creatures vanquished

Notes
Turn   | Place    | Note
-------+----------+-------------------------------------------
     0 | D        | Baz the Octopode Fire Elementalist began the quest for the
                  | Orb.
     0 | D        | Reached XP level 1. HP: 11/11 MP: 3/3
    46 | D        | Reached skill level 4 in Fire Magic
    46 | D        | Reached XP level 2. HP: 11/17 MP: 0/5
   145 | D        | Noticed Jessica
   145 | D        | Noticed a scorpion
   151 | D        | Killed Jessica
   151 | D        | Reached skill level 5 in Fire Magic
   151 | D        | Reached XP level 3. HP: 20/21 MP: 3/7
   159 | D        | Killed a scorpion
   159 | D        | Reached skill level 6 in Fire Magic
   159 | D        | Reached XP level 4. HP: 27/27 MP: 0/10
   279 | D        | Reached skill level 7 in Fire Magic
   433 | D        | Learned a level 4 spell: Sticky Flame
   459 | D        | Noticed a water elemental
   469 | D        | Killed a water elemental
   469 | D        | Reached skill level 5 in Spellcasting
   469 | D        | Reached XP level 5. HP: 3/34 MP: 6/12
   752 | D        | Found a glowing silver altar of Zin.
   757 | D        | Found a glowing golden altar of the Shining One.
   757 | D        | Found a white marble altar of Elyvilon.
   757 | D        | Noticed a deep elf mage
   764 | D        | Noticed a redback
   764 | D        | Noticed a redback
   764 | D        | Killed a deep elf mage
   764 | D        | Reached skill level 5 in Fighting
   764 | D        | Reached skill level 10 in Fire Magic
   764 | D        | Reached XP level 6. HP: 38/45 MP: 4/15
   764 | D        | Reached XP level 7. HP: 43/50 MP: 4/17
   859 | D        | Learned a level 5 spell: Fireball
   872 | D        | Found a radiant altar of Vehumet.
   873 | D        | Found a shimmering blue altar of Sif Muna.
   873 | D        | Found an ancient bone altar of Kikubaaqudgha.
   880 | D        | Noticed a sixfirhy
   880 | D        | HP: 1/50 [sixfirhy[a kobold demonologist] (12)]
   882 | D        | Killed by miscasting Fireball

Illustrated notes

Levels and vault maps discovered:
D:        dungeon_sprint_mu [sprint_mu_entry_forest, sprint_mu_temple_rooms,
          sprint_mu_d1_horrors, sprint_mu_d2_genie, sprint_mu_d3_branching,
          sprint_mu_orc_legion, sprint_mu_elf_gauntlet, sprint_mu_hive_nellie,
          sprint_mu_lair_fedhas, sprint_mu_vaults_butterflies,
          sprint_mu_slime_circle, sprint_mu_shoals_archi,
          sprint_mu_snake_twists, sprint_mu_blade_basic, sprint_mu_crypt_lich,
          sprint_mu_tomb_spiral, sprint_mu_vestibule_basic,
          sprint_mu_gehenna_hellfire, sprint_mu_dis_giant,
          sprint_mu_tartarus_statrot, sprint_mu_cocytus_islands, sprint_mu_zot1]

Skill      XL: |  1  2  3  4  5 |
---------------+----------------+-----
Stealth        | 3 |  3.2
Fire Magic     | 4 5 6 7 10 | 10.5
Spellcasting   | 3 4 5 6 |  6.8
Conjurations   | 2 3 4 6 |  6.9
Fighting       | 2 5 |  5.3
Dodging        | |  2.4

Action                   |  1- 3 |  4- 6 |  7- 9 || total
-------------------------+-------+-------+-------++-------
Melee: Unarmed           |     1 |       |       ||     1
 Cast: Foxfire           |    13 |    17 |       ||    30
       Sticky Flame      |       |     1 |     2 ||     3
  Use: Scroll            |       |       |     1 ||     1
Dodge: Dodged            |     2 |     3 |     2 ||     7
